Cogmind - Beta 15 @@@ ROGUE MODE // 2025.09.02 @ 10:26:36 Player: Tuja Result: Destroyed by H-71 Marshal with Heavy Mass Driver Performance ------------- Evolutions (5) 2500 Regions Visited (12) 2400 Robots Destroyed (157) 785 Value Destroyed (6134) 6134 Prototype IDs (10) 200 Alien Tech Used (0) 0 Bonus (3663) 3663 TOTAL SCORE: 15682 Bonus ------- High Alert Combat Kills 870 Follower Combat Kills 1316 Network Hubs Disabled 400 Registered with UFD 300 Met Optimus in HQ 500 Built Enhanced Grunts 300 Friendly Fire -23 Cogmind --------- Core Integrity 0/1000 Matter 278/300 Energy 14/100 System Corruption 67% Temperature Cool (22) Movement Treading (160) Location -5/Hub_04(d) Parts ------- > --- POWER (1) -------- (None) > --- PROPULSION (4) --- Centrium Heavy Treads > --- UTILITY (8) ------ Advanced Heat Sink Machine Analyzer Enhanced Optical Array Improved System Shield > --- WEAPON (4) ------- (None) > --- INVENTORY (5) ---- Medium Treads Great Maul Peak State ------------ > --- POWER ------------ Fission Core > --- PROPULSION ------- Centrium Heavy Treads Centrium Heavy Treads > --- UTILITY ---------- Advanced Heat Sink Advanced Heat Sink Machine Analyzer Enhanced Optical Array Improved Medium Armor Plating Improved Medium Armor Plating Centrium Medium Armor Plating Improved System Shield > --- WEAPON ----------- Heavy Laser Wave Gun Gauss Rifle Bore Cannon > --- INVENTORY -------- Improved Medium Treads Advanced Heat Sink Improved Medium Armor Plating KE Penetrator Great Maul [Rating: 102] Favorites ----------- Power Improved Ion Engine Engine Improved Ion Engine Power Core Micro Nuclear Core Reactor Antimatter Reactor Propulsion Light Treads Treads Light Treads Leg Armored Leg Wheel Armored Wheel Hover Unit Gyrokinetic Inverter Flight Unit Nuclear Pulse Thruster Utility Advanced Heat Sink Device Advanced Heat Sink Storage High-capacity Storage Unit Processor Improved Targeting Computer Hackware Improved System Shield Protection Improved Medium Armor Plating Weapon Improved Assault Rifle Energy Gun Improved EM Shotgun Energy Cannon Phase Cannon Ballistic Gun Improved Assault Rifle Ballistic Cannon Bore Cannon Launcher Proton Missile Launcher Impact Weapon Great Maul Slashing Weapon Power Sword Piercing Weapon Makeshift Spear Build | -11 -10 -10 -9 -9 -9 -9 -6 -5 -5 -5 -5 -5 ------- Run | Yrd Mat Min Mat Sto Rec Scr Fac Fac Ext Cet Arc Hub Slots Evolved 10 | . . . 2 . . . 6 2 . . . . Power . | . . . . . . . . . . . . . Propulsion 2 | . . . 1 . . . . 1 . . . . Utility 6 | . . . 1 . . . 4 1 . . . . Weapon 2 | . . . . . . . 2 . . . . . Parts Attached 127 | 6 3 5 10 7 . 5 21 37 26 4 1 2 Power 10 | 1 . . 1 1 . . 2 4 . 1 . . Engine 4 | 1 . . 1 1 . . 1 . . . . . Core 5 | . . . . . . . 1 3 . 1 . . Reactor 1 | . . . . . . . . 1 . . . . Propulsion 41 | 2 . 3 4 2 . 4 2 14 8 2 . . Treads 19 | . . 1 4 2 . . 1 1 8 2 . . Leg 9 | 2 . 2 . . . . 1 4 . . . . Wheel 7 | . . . . . . 4 . 3 . . . . Hover 1 | . . . . . . . . 1 . . . . Flight 5 | . . . . . . . . 5 . . . . Utility 42 | 1 2 1 4 1 . 1 10 12 8 1 1 . Device 14 | . 1 . 2 . . . 4 4 3 . . . Storage 4 | 1 . . 1 . . 1 1 . . . . . Processor 9 | . . 1 1 . . . 3 3 1 . . . Hackware 2 | . . . . . . . . 2 . . . . Protection 13 | . 1 . . 1 . . 2 3 4 1 1 . Artifact . | . . . . . . . . . . . . . Weapon 34 | 2 1 1 1 3 . . 7 7 10 . . 2 Energy Gun 10 | 1 1 1 1 1 . . 1 1 3 . . . Energy Cannon 1 | . . . . . . . . 1 . . . . Ballistic Gun 11 | 1 . . . 1 . . 3 2 2 . . 2 Ballistic Cannon 5 | . . . . . . . 1 1 3 . . . Launcher 2 | . . . . . . . 1 1 . . . . Special Weapon . | . . . . . . . . . . . . . Impact Weapon 3 | . . . . 1 . . . 1 1 . . . Slashing Weapon 1 | . . . . . . . 1 . . . . . Piercing Weapon 1 | . . . . . . . . . 1 . . . Special Melee Weapon . | . . . . . . . . . . . . . Unidentified Prototypes 8 | . . . 1 2 . . 2 1 . 2 . . Corrupted Parts 4 | . . . . . . . . . 2 2 . . System Corruption 27 | . . . . . . . . . 16 11 . . Parts Lost 75 | . 2 2 4 2 . . 12 35 4 1 1 12 Power 9 | . . . 1 1 . . 1 4 . 1 . 1 Propulsion 14 | . . 1 1 1 . . 1 9 . . . 1 Utility 24 | . 1 . 1 . . . 5 11 1 . 1 4 Weapon 28 | . 1 1 1 . . . 5 11 3 . . 6 Highest Loss Streak 21 | . 2 2 1 1 . . 3 21 1 1 1 12 To Critical Strikes 2 | . . . . . . . . 2 . . . . Average Backups 10 | 2 7 7 7 9 10 14 16 15 4 4 4 4 Power . | . 1 1 . . . . . 2 1 . . . Propulsion . | 1 2 1 . 1 1 . 1 . . . 1 1 Utility 4 | . . 2 1 1 2 6 8 6 2 2 1 . Weapon 3 | . 2 2 3 5 6 5 5 5 . 2 2 2 Tool/Special . | . . . . . . . . . . . . . Unused Backups 16 | . . . 1 . . 6 1 5 1 . 1 1 Power 1 | . . . . . . . 1 . . . . . Propulsion 1 | . . . . . . . . . . . . 1 Utility 7 | . . . . . . 2 . 3 1 . 1 . Weapon 6 | . . . 1 . . 4 . 1 . . . . Tool/Special 1 | . . . . . . . . 1 . . . . Average Slot Usage (%) 91 | . 96 98 97 99 100 97 83 84 95 90 85 76 Engine 5 | . 14 14 11 11 11 11 4 2 . . . . Core 1 | . . . . . . . 1 2 5 5 5 4 Treads 13 | . . 1 28 32 33 22 . 2 19 13 11 11 Leg 2 | . 28 26 2 . . . 1 7 . . . . Wheel 4 | . . . . . . 8 12 6 . . . . Device 7 | . 9 1 1 5 . . 10 10 10 11 11 9 Storage 6 | . 14 14 11 11 11 11 6 4 . . . . Processor 12 | . . 12 20 11 11 11 13 12 10 11 11 11 Hackware 2 | . . . . . . . . 4 5 5 5 5 Protection 8 | . 2 . . 5 11 11 5 4 15 17 14 9 Energy Gun 9 | . 13 25 21 11 11 11 3 6 10 11 11 10 Ballistic Gun 8 | . 14 1 . 9 11 11 17 7 2 4 5 4 Ballistic Cannon 2 | . . . . . . . 3 2 4 5 5 3 Peak Build Rating 102 | 6 8 9 18 20 17 33 68 93 73 102 102 100 Average Rating 49 | 4 6 8 13 17 17 21 59 67 66 96 100 94 On Entrance 37 | . 6 8 9 16 17 17 33 63 46 73 102 100 Naked Turns . | . . . . . . . . . . . . . Heaviest Build 85 | 13 14 14 18 26 26 56 85 83 46 55 56 56 Greatest Support 160 | 20 20 20 63 63 60 60 32 79 106 160 160 160 Greatest Overweight (x) 7 | . . 1 . . . 4 7 6 4 . . . Average Overweight (x) 1 | . . . . . . . 2 2 . . . . Largest Inventory Capacity 20 | 8 8 8 10 10 10 20 20 20 5 5 5 5 Average Capacity 12 | 7 8 8 9 10 10 16 20 18 5 5 5 5 Most Carried 20 | 4 8 8 10 10 10 20 20 20 5 5 5 5 Average Carried 11 | 2 7 7 7 9 9 15 17 16 4 4 4 4 Final Capacity 20 | 8 8 8 10 10 10 20 20 5 5 5 5 5 Final Carried 20 | 4 8 8 10 10 10 20 20 3 5 5 5 2 Class Distribution -------------------- 29% | Scavenger-Tank 21% | Mutant 19% | Scavenger-Mutant 13% | Gunner 8% | Scrapper 5% | Scavenger-Skirmisher Dominant Class ---------------- Mutant | -10/Materials Mutant | -10/Mines Mutant | -9/Materials Scavenger-Mutant | -9/Storage Scavenger-Mutant | -9/Recycling Scavenger-Mutant | -9/Scraptown Gunner | -6/Factory Scavenger-Skirmisher | -5/Factory Scavenger-Tank | -5/Extension Scavenger-Tank | -5/Cetus Scavenger-Tank | -5/Archives Scavenger-Tank | -5/Hub_04(d) Resources | -11 -10 -10 -9 -9 -9 -9 -6 -5 -5 -5 -5 -5 ----------- Run | Yrd Mat Min Mat Sto Rec Scr Fac Fac Ext Cet Arc Hub Matter Collected 4762 | 214 89 33 170 163 . 40 1695 857 1125 78 110 188 Remotely 322 | . . . . . . . . 322 . . . . Salvage Created 6620 | . 203 83 492 549 . . 2522 1077 1071 . . 623 Parts 310 | . 8 5 24 44 . . 117 54 35 . . 23 Haulers Intercepted 2 | . . . . 1 . . 1 . . . . . Recyclers Shooed 8 | . . . 1 . . . 7 . . . . . Parts Field Recycled . | . . . . . . . . . . . . . Retrieved Matter . | . . . . . . . . . . . . . Parts Self-Destructed . | . . . . . . . . . . . . . Prevented . | . . . . . . . . . . . . . Kills | -11 -10 -10 -9 -9 -9 -9 -6 -5 -5 -5 -5 -5 ------- Run | Yrd Mat Min Mat Sto Rec Scr Fac Fac Ext Cet Arc Hub Combat Hostiles Destroyed 113 | . 4 2 10 14 . . 36 29 17 . . 1 Melee 2 | . . . . . . . . 2 . . . . Guns 80 | . 4 2 10 12 . . 29 12 10 . . 1 Cannons 15 | . . . . . . . 6 4 5 . . . AOE 14 | . . . . 2 . . 1 11 . . . . Classes Destroyed 14 | . 2 . 1 4 . . 4 3 . . . . Worker 13 | . 1 . . . . . 3 7 . . . 2 Builder 11 | . . . . 1 . . 6 3 1 . . . Hauler 2 | . . . . 1 . . 1 . . . . . Recycler 4 | . . . . . . . 4 . . . . . Mechanic 3 | . . . . . . . . 2 1 . . . Watcher 6 | . . . . 2 . . 2 . . . . 2 Swarmer 14 | . . . . 7 . . . 6 1 . . . Grunt 58 | . 4 2 6 5 . . 21 12 8 . . . Brawler 4 | . . . . . . . 1 2 1 . . . Duelist 2 | . . . . . . . . 2 . . . . Protector 1 | . . . . . . . . 1 . . . . Sentry 17 | . . . 4 2 . . 3 1 6 . . 1 Hunter 7 | . . . . . . . 5 1 1 . . . Programmer 10 | . . . . . . . 6 4 . . . . Enhanced Grunt 4 | . . . . . . . . . . . . 4 Guerrilla 1 | . . . . . . . . . . . . 1 Best Kill Streak 13 | . 3 2 3 6 . . 11 13 3 . . 3 Combat Bots Only 8 | . 2 2 3 5 . . 7 8 3 . . 1 Max Kills in Single Turn 6 | . 1 1 1 2 . . 3 6 1 . . 5 Gunslinging . | . . . . . . . . . . . . . Exploded 3 | . . . . 1 . . 1 3 . . . . Melee 1 | . . . . . . . . 1 . . . . Uniques/NPCs Destroyed . | . . . . . . . . . . . . . Combat | -11 -10 -10 -9 -9 -9 -9 -6 -5 -5 -5 -5 -5 -------- Run | Yrd Mat Min Mat Sto Rec Scr Fac Fac Ext Cet Arc Hub Hostile Shots Fired 871 | . 35 18 61 37 . . 243 237 117 16 13 94 Missed 271 | . 12 3 16 11 . . 89 70 43 3 3 21 Hits 600 | . 23 15 45 26 . . 154 167 74 13 10 73 Melee 19 | . . . . . . . 6 13 . . . . Projectile 581 | . 23 15 45 26 . . 148 154 74 13 10 73 AOE 1 | . . . . . . . . . . . . 1 Critical Strikes 35 | . 1 . . . . . 7 10 4 2 . 11 Damage Taken 12393 | . 374 202 608 424 . . 2362 3451 1412 357 307 2896 Core 1378 | . 46 38 38 66 . . 127 568 130 54 . 311 Absorbed by Shields 447 | . . . . . . . 162 . 247 38 . . Reduced by Siege Mode 45 | . . . . . . . . . . . . 45 Redirected to Shielding 98 | . . . . . . . . 9 65 24 . . Ignored by Resistances 16 | . . . . . . . . . 16 . . . Regen/Repaired (Parts) 271 | . . . . . . 224 5 42 . . . . Core Remaining (%) 81 | 100 . 66 . . . 74 85 . . . . . Volleys Fired 336 | . 23 9 26 26 . . 110 48 72 3 4 15 Largest 4 | . 2 2 2 2 . . 4 4 4 4 4 4 Hottest 253 | . 70 70 96 96 . . 154 188 253 226 226 231 Shots Fired 971 | . 45 12 52 41 . . 380 149 220 12 14 46 Gun 802 | . 45 12 52 41 . . 316 121 159 9 10 37 Cannon 159 | . . . . . . . 61 21 61 3 4 9 Launcher 10 | . . . . . . . 3 7 . . . . Special . | . . . . . . . . . . . . . Kinetic 625 | . 23 3 . 22 . . 344 90 103 7 8 25 Thermal 285 | . 3 9 52 8 . . 20 44 117 5 6 21 Explosive 7 | . . . . . . . . 7 . . . . Electromagnetic 54 | . 19 . . 11 . . 16 8 . . . . Robot Hit Streak 20 | . 9 7 15 16 . . 20 19 9 8 3 5 Robot Miss Streak 9 | . 2 1 2 4 . . 5 3 7 1 2 9 Penetration Max 2 | . . . . . . . 2 1 1 1 . . Secondary Targets 4 | . . . 1 1 . . . 1 1 . . . Max Gunslinging Chain 1 | . . . 1 1 . . . 1 1 . . . Shots Hit Robots 618 | . 36 10 41 31 . . 251 98 116 9 7 19 Core Hits 391 | . 12 6 20 24 . . 133 124 42 7 4 19 Critical Kills 11 | . . . . . . . 5 . 6 . . . Critical Parts Destroyed 14 | . . . . . . . 5 . 7 1 . 1 Critical Strikes 49 | . . 1 2 . . . 16 4 22 2 . 2 Burn 13 | . . 1 2 . . . . 2 8 . . . Destroy 28 | . . . . . . . 10 . 14 2 . 2 Blast 6 | . . . . . . . 6 . . . . . Corrupt 2 | . . . . . . . . 2 . . . . Melee Attacks 34 | . . . . 4 . . 1 9 13 1 . 6 Impact 24 | . . . . 4 . . . 2 11 1 . 6 Slashing 10 | . . . . . . . 1 7 2 . . . Piercing . | . . . . . . . . . . . . . Sneak Attacks 1 | . . . . . . . . . 1 . . . Combat Hostiles . | . . . . . . . . . . . . . Follow-up Attacks 1 | . . . . . . . . 1 . . . . Damage Inflicted 19127 | . 388 107 512 559 . . 7278 5891 2748 262 169 1213 Guns 11401 | . 388 107 512 437 . . 5334 1870 2093 191 150 319 Cannons 2350 | . . . . . . . 1212 386 570 71 19 92 Explosions 5171 | . . . . 122 . . 720 3534 . . . 795 Melee 184 | . . . . . . . . 101 83 . . . Ramming 21 | . . . . . . . 12 . 2 . . 7 Kinetic 9554 | . 157 19 . 251 . . 6179 1500 995 154 84 215 Thermal 4674 | . 39 88 512 182 . . 666 1130 1668 108 85 196 Explosive 3001 | . . . . . . . 9 2992 . . . . Electromagnetic 1693 | . 192 . . 126 . . 412 168 . . . 795 Impact 52 | . . . . . . . . 52 . . . . Slashing 132 | . . . . . . . . 49 83 . . . Piercing . | . . . . . . . . . . . . . Highest Corruption 67 | . . . . . . . . 22 38 49 49 67 Average Corruption 25 | . . . . . . . . 4 27 46 49 52 Corruption Purged . | . . . . . . . . . . . . . Corruption Blocked . | . . . . . . . . . . . . . Effects 183 | . . . . . . . . 20 106 19 9 29 Message Errors 38 | . . . . . . . . 5 22 6 1 4 Matter Fused 34 | . . . . . . . . 3 23 2 1 5 Heat Flow Errors 24 | . . . . . . . . 3 10 5 2 4 Energy Discharges 18 | . . . . . . . . 2 12 . 1 3 Parts Rejected 3 | . . . . . . . . . 1 1 . 1 Parts Fused 1 | . . . . . . . . 1 . . . . Data Loss (minor) 20 | . . . . . . . . 4 12 2 1 1 Data Loss (major) 2 | . . . . . . . . 1 1 . . . Misfires 2 | . . . . . . . . . 1 1 . . Alerts 2 | . . . . . . . . . 1 . . 1 Misdirections 6 | . . . . . . . . . 1 1 1 3 Weapon Failures 33 | . . . . . . . . 1 22 1 2 7 Overload Shots . | . . . . . . . . . . . . . Overflow Damage 147 | . . . . 11 . . 63 73 . . . . Projectiles 46 | . . . . . . . 28 18 . . . . Explosions 74 | . . . . 11 . . 35 28 . . . . Melee 27 | . . . . . . . . 27 . . . . Knockbacks 20 | . . . . . . . 14 2 4 . . . Impact . | . . . . . . . . . . . . . Kinetic 18 | . . . . . . . 13 1 4 . . . Secondary 2 | . . . . . . . 1 1 . . . . Self-Inflicted Damage 341 | . . . . 56 . . 12 168 . . . 105 Shots 12 | . . . . 2 . . 1 8 . . . 1 Rammed 4 | . . . . 1 . . 1 . 1 . . 1 Targets Rammed 4 | . . . . 1 . . 1 . 1 . . 1 Kicked . | . . . . . . . . . . . . . Crushed . | . . . . . . . . . . . . . Highest Temperature 445 | . 253 192 270 36 . . 445 194 281 214 75 359 Average Temperature 93 | . 93 113 76 12 . . 132 58 57 72 37 103 Received Heat Transfer 2326 | . 198 111 276 63 . . 470 462 467 63 27 189 Effects 13 | . . . . . . . 11 . . . . 2 Shutdowns 2 | . . . . . . . 1 . . . . 1 Energy Bleed 2 | . . . . . . . 2 . . . . . Interference 6 | . . . . . . . 6 . . . . . Matter Decay 2 | . . . . . . . 1 . . . . 1 Short Circuit 1 | . . . . . . . 1 . . . . . Siege Activations 1 | . . . . . . . . . . . . 1 Total Turns 18 | . . . . . . . . . . . . 18 Longest Duration 18 | . . . . . . . . . . . . 18 Martial Activations . | . . . . . . . . . . . . . Shielding Activations . | . . . . . . . . . . . . . Robots Disrupted . | . . . . . . . . . . . . . Combat Hostiles . | . . . . . . . . . . . . . Robots Corrupted 4 | . . . . . . . . . . . . 4 Combat Hostiles . | . . . . . . . . . . . . . Parts Fried 16 | . . . . . . . . 3 . . . 13 Impact Corruptions 1 | . . . . . . . . 1 . . . . Robots Melted 2 | . . . . . . . . . 2 . . . Combat Hostiles 2 | . . . . . . . . . 2 . . . Parts Melted 19 | . . 1 6 1 . . 1 2 7 . . 1 Heat Transferred 8630 | . 111 333 1462 299 . . 797 1558 3404 185 148 333 Parts Sabotaged . | . . . . . . . . . . . . . Parts Stolen . | . . . . . . . . . . . . . Parts Stripped . | . . . . . . . . . . . . . Power Chain Reactions 3 | . . . . 3 . . . . . . . . Alert | -11 -10 -10 -9 -9 -9 -9 -6 -5 -5 -5 -5 -5 ------- Run | Yrd Mat Min Mat Sto Rec Scr Fac Fac Ext Cet Arc Hub Maximum Alert Level 3 | . . . . 1 . . 3 3 2 1 1 2 Low Security (%) 32 | 100 100 100 100 47 100 . 30 . 3 29 45 43 Level 1 33 | . . . . 52 . . 9 4 93 70 54 18 Level 2 25 | . . . . . . . 34 88 3 . . 37 Level 3 7 | . . . . . . . 25 7 . . . . Level 4 . | . . . . . . . . . . . . . Level 5 . | . . . . . . . . . . . . . High Security . | . . . . . . . . . . . . . Max Security . | . . . . . . . . . . . . . Peak Influence 895 | . 50 50 79 282 153 . 895 766 449 287 223 481 Initial 429 | . . 9 . 9 103 . . 429 328 216 62 67 Average 327 | . 22 12 27 174 122 . 466 577 294 222 161 276 Influence Increases 5675 | . 105 50 309 506 60 . 1479 1081 1200 141 191 553 Destroy 0b10 Robot/C 2760 | . 80 40 200 280 . . 740 560 680 80 80 20 Destroy 0b10 Robot/NC 220 | . 5 . . 20 . . 80 65 25 5 . 20 Destroy Leader 520 | . 20 10 60 56 . . 186 90 84 . . 14 Allied During Kill 410 | . . . . . . . 31 . 250 30 80 19 Successful Hack 62 | . . . 19 5 . . 30 . 8 . . . Select Force Hacks 60 | . . . . . 60 . . . . . . . Disable Machine 555 | . . . . 60 . . 225 60 30 . 15 165 Destroy Structure 758 | . . . . 10 . . 172 186 78 26 16 270 Partial Spotted 30 | . . . . . . . 15 . . . . 15 Lose Combat Pursuer 300 | . . . 30 75 . . . 120 45 . . 30 Influence Decreases 5385 | . 80 75 286 263 223 103 602 1288 1482 372 155 456 Entered New Map 1479 | . . 16 . 14 163 103 . 448 342 172 95 126 Time Decay 2557 | . 60 50 256 229 60 . 462 470 580 150 50 190 Lost Part 729 | . 20 9 30 20 . . 120 350 40 10 10 120 Lost Ally 320 | . . . . . . . 20 20 220 40 . 20 Purge Threat 300 | . . . . . . . . . 300 . . . Squads Dispatched 29 | . 1 . . 2 . . 14 8 3 . . 1 Investigation 9 | . . . . 1 . . 6 . 2 . . . Extermination 6 | . . . . . . . 4 2 . . . . Reinforcement 9 | . 1 . . 1 . . 4 1 1 . . 1 Assault 4 | . . . . . . . . 4 . . . . Garrison 1 | . . . . . . . . 1 . . . . Intercept . | . . . . . . . . . . . . . Searches Triggered . | . . . . . . . . . . . . . Construction Impeded 3 | . . . . . . . 2 1 . . . . Haulers Reinforced 1 | . . . . . . . 1 . . . . . Active Scanning Responses . | . . . . . . . . . . . . . Cargo Convoy Interrupts . | . . . . . . . . . . . . . Stealth | -11 -10 -10 -9 -9 -9 -9 -6 -5 -5 -5 -5 -5 --------- Run | Yrd Mat Min Mat Sto Rec Scr Fac Fac Ext Cet Arc Hub Distress Signals 12 | . . 1 . 2 . . 4 2 2 1 . . Communications Jammed . | . . . . . . . . . . . . . Distress Signals . | . . . . . . . . . . . . . Times Spotted 201 | . 5 4 12 19 . . 52 54 39 4 3 9 Peak Tracking Total 10 | . 2 5 4 5 . . 7 10 5 4 2 7 Tactical Retreats 13 | . . 1 2 3 . . . 4 2 . . 1 Traps | -11 -10 -10 -9 -9 -9 -9 -6 -5 -5 -5 -5 -5 ------- Run | Yrd Mat Min Mat Sto Rec Scr Fac Fac Ext Cet Arc Hub Traps Triggered 10 | . 1 . 2 4 . . 2 . 1 . . . Indirectly . | . . . . . . . . . . . . . Trap Hack Attempts . | . . . . . . . . . . . . . Triggered . | . . . . . . . . . . . . . Disarmed . | . . . . . . . . . . . . . Reprogrammed . | . . . . . . . . . . . . . Reused . | . . . . . . . . . . . . . Traps Extracted . | . . . . . . . . . . . . . Installed . | . . . . . . . . . . . . . Triggered . | . . . . . . . . . . . . . Machines | -11 -10 -10 -9 -9 -9 -9 -6 -5 -5 -5 -5 -5 ---------- Run | Yrd Mat Min Mat Sto Rec Scr Fac Fac Ext Cet Arc Hub Machines Disabled 37 | . . . . 4 . . 15 4 2 . 1 11 Max in Single Turn 5 | . . . . 1 . . 3 4 1 . 1 5 Network Hub 2 | . . . . . . . . . . . . 2 Machines Repaired . | . . . . . . . . . . . . . Machines Dismantled . | . . . . . . . . . . . . . Machines Sabotaged . | . . . . . . . . . . . . . Overloaded Fab Kills . | . . . . . . . . . . . . . Hacking | -11 -10 -10 -9 -9 -9 -9 -6 -5 -5 -5 -5 -5 --------- Run | Yrd Mat Min Mat Sto Rec Scr Fac Fac Ext Cet Arc Hub Machines Accessed 44 | . 1 . 3 3 2 3 14 4 10 2 . 2 Terminals 26 | . . . 3 3 . . 5 2 10 2 . 1 Fabricators 1 | . . . . . . . 1 . . . . . Repair Stations 2 | . . . . . . . . 2 . . . . Recycling Units 10 | . 1 . . . 2 . 7 . . . . . Scanalyzers 1 | . . . . . . . 1 . . . . . Garrison Access 1 | . . . . . . . . . . . . 1 Total Hacks 114 | . 4 . 15 7 5 21 29 5 22 3 . 3 Successful 62 | . 2 . 8 2 5 21 15 3 6 . . . Failed 52 | . 2 . 7 5 . . 14 2 16 3 . 3 Catastrophic 15 | . . . . 1 . . 2 1 9 2 . . Database Lockouts . | . . . . . . . . . . . . . Manual 51 | . . . 9 6 2 . 21 1 7 2 . 3 Terminals 63 | . . . 15 7 . . 12 2 22 3 . 2 Fabricators 2 | . . . . . . . 2 . . . . . Repair Stations 3 | . . . . . . . . 3 . . . . Recycling Units 21 | . 4 . . . 5 . 12 . . . . . Scanalyzers 3 | . . . . . . . 3 . . . . . Garrison Access 1 | . . . . . . . . . . . . 1 Terminal Hacks 35 | . . . 6 . . 21 1 1 6 . . . Record 21 | . . . . . . 21 . . . . . . Prototype ID Bank 1 | . . . . . . . 1 . . . . . Open Door 5 | . . . . . . . . 1 4 . . . Branch Access Points 1 | . . . 1 . . . . . . . . . Emergency Access Points 1 | . . . 1 . . . . . . . . . Unreport Threat 2 | . . . . . . . . . 2 . . . Locate Traps 2 | . . . 2 . . . . . . . . . Zone Layout 2 | . . . 2 . . . . . . . . . Fabricator Hacks . | . . . . . . . . . . . . . Repair Station Hacks 2 | . . . . . . . . 2 . . . . Scan Component 1 | . . . . . . . . 1 . . . . Repair 1 | . . . . . . . . 1 . . . . Recycling Unit Hacks 8 | . 2 . . . 3 . 3 . . . . . Report Inventory 6 | . 1 . . . 2 . 3 . . . . . Retrieve Components 2 | . 1 . . . 1 . . . . . . . Scanalyzer 3 | . . . . . . . 3 . . . . . Insert Component 2 | . . . . . . . 2 . . . . . Analyze 1 | . . . . . . . 1 . . . . . Garrison Access Hacks . | . . . . . . . . . . . . . Unauthorized Hacks 14 | . . . 2 2 2 . 8 . . . . . Terminals 6 | . . . 2 2 . . 2 . . . . . Botnet 6 | . . . 2 2 . . 2 . . . . . Fabricators 1 | . . . . . . . 1 . . . . . Fabnet 1 | . . . . . . . 1 . . . . . Repair Stations . | . . . . . . . . . . . . . Recycling Units 7 | . . . . . 2 . 5 . . . . . Tunnel 2 | . . . . . 2 . . . . . . . Fedlink 5 | . . . . . . . 5 . . . . . Scanalyzers . | . . . . . . . . . . . . . Garrison Access . | . . . . . . . . . . . . . Data Cores Recovered . | . . . . . . . . . . . . . Used . | . . . . . . . . . . . . . Hacking Detections 31 | . 1 . 3 4 . . 10 2 8 2 . 1 Full Trace Events 4 | . . . 1 . . . 1 . 2 . . . Feedback Events . | . . . . . . . . . . . . . Feedback Blocked . | . . . . . . . . . . . . . Robot Schematics Acquired . | . . . . . . . . . . . . . Robots Built . | . . . . . . . . . . . . . Authchips . | . . . . . . . . . . . . . Time . | . . . . . . . . . . . . . Total Robot Build Rating . | . . . . . . . . . . . . . Part Schematics Acquired 1 | . . . . . . . 1 . . . . . Parts Built . | . . . . . . . . . . . . . Authchips . | . . . . . . . . . . . . . Time . | . . . . . . . . . . . . . Total Part Build Rating . | . . . . . . . . . . . . . Parts Repaired 1 | . . . . . . . . 1 . . . . Time 78 | . . . . . . . . 78 . . . . Parts Recycled . | . . . . . . . . . . . . . Recycled Matter . | . . . . . . . . . . . . . Retrieved Matter . | . . . . . . . . . . . . . Retrieved Components 4 | . 3 . . . 1 . . . . . . . Parts Scanalyzed 1 | . . . . . . . 1 . . . . . Part Schematics Acquired 1 | . . . . . . . 1 . . . . . Parts Damaged . | . . . . . . . . . . . . . Bothacking | -11 -10 -10 -9 -9 -9 -9 -6 -5 -5 -5 -5 -5 ------------ Run | Yrd Mat Min Mat Sto Rec Scr Fac Fac Ext Cet Arc Hub Used RIF Installer . | . . . . . . . . . . . . . Robots Hacked 3 | . . . . . . . . 1 2 . . . Non-combat . | . . . . . . . . . . . . . Combat 3 | . . . . . . . . 1 2 . . . Robot Hacks Applied . | . . . . . . . . . . . . . Relay Couplers Released 3 | . . . . . . . 3 . . . . . Programmers 3 | . . . . . . . 3 . . . . . Fabnet Peak Effective % 3 | . . . . . . . . 3 3 3 3 3 Autooverrided 3 | . . . . . . . . 1 2 . . . Robots Rewired 12 | . . . . . . . . . 12 . . . Allies Hacked . | . . . . . . . . . . . . . Hacks Repelled . | . . . . . . . . . . . . . Allies | -11 -10 -10 -9 -9 -9 -9 -6 -5 -5 -5 -5 -5 -------- Run | Yrd Mat Min Mat Sto Rec Scr Fac Fac Ext Cet Arc Hub Total Allies 25 | . . . . . . 1 . 1 18 5 . . Largest Group 8 | . . . . . . 1 1 1 6 8 7 6 Highest-Rated Group 682 | . . . . . . 37 37 30 312 682 535 514 Highest-Rated Ally 159 | . . . . . . 37 37 30 159 159 96 96 Total Orders 2 | . . . . . . 1 . . 1 . . . STAY 1 | . . . . . . 1 . . . . . . RETURN 1 | . . . . . . . . . 1 . . . Ally Attacks 189 | . . . . . . . 25 2 111 18 21 12 Total Damage 5037 | . . . . . . . 614 56 2313 927 951 176 Kills 32 | . . . . . . . 1 . 20 6 5 . Allies Corrupted 3 | . . . . . . . . . . . . 3 Allies Melted 1 | . . . . . . . . . 1 . . . Intel | -11 -10 -10 -9 -9 -9 -9 -6 -5 -5 -5 -5 -5 ------- Run | Yrd Mat Min Mat Sto Rec Scr Fac Fac Ext Cet Arc Hub Active Infowar (turns) 4920 | . 136 8 24 . . 4 967 1188 1794 311 106 382 Optics 4748 | . . . . . . . 967 1188 1794 311 106 382 Sensors 690 | . . . 24 . . 4 . 662 . . . . Terrain 261 | . . . . . . . . 45 216 . . . Structural 144 | . 136 8 . . . . . . . . . . Machine Analysis 2987 | . . . . . . . . 530 1658 311 106 382 Robot Analysis Total . | . . . . . . . . . . . . . Derelict Logs Recovered 1 | . . 1 . . . . . . . . . . Drone Launches 1 | . . . . . . . . . 1 . . . Drone Recoveries 1 | . . . . . . . . . 1 . . . Exploration | -11 -10 -10 -9 -9 -9 -9 -6 -5 -5 -5 -5 -5 ------------- Run | Yrd Mat Min Mat Sto Rec Scr Fac Fac Ext Cet Arc Hub Turns Passed 8977 | 66 189 215 633 490 124 1573 1906 1188 1794 311 106 382 Spaces Moved 4851 | 48 88 142 288 238 77 1043 1106 647 792 146 53 183 Core 45 | 6 . . . . . . . 38 1 . . . Treads 2327 | . . 4 253 238 77 659 . . 714 146 53 183 Legs 321 | 42 88 138 35 . . . . 18 . . . . Wheels 1903 | . . . . . . 384 1106 413 . . . . Hover 24 | . . . . . . . . 24 . . . . Flight 231 | . . . . . . . . 154 77 . . . Fastest Speed 32 | 50 120 120 120 160 160 92 104 32 35 160 160 160 Average Speed 137 | 111 120 121 155 160 160 142 125 113 149 160 160 160 Slowest Speed 250 | 120 120 190 160 160 160 160 195 183 250 160 160 160 Overloaded Moves . | . . . . . . . . . . . . . Propulsion Burnouts . | . . . . . . . . . . . . . Robots Hopped 6 | . . . . . . . . 1 5 . . . Potential Cave-ins . | . . . . . . . . . . . . . Cave-ins Triggered . | . . . . . . . . . . . . . Exploration Rate (%) 40 | 4 22 38 29 41 19 61 31 21 86 67 82 27 Regions Visited 12 Branch Regions 8 Pre-discovered Areas 8 | . . . . . 2 5 1 . . . . . Known Exits Taken 4 | . . . 1 . . 1 1 1 . . . . Unknown Exits Taken 8 | 1 1 1 . 1 1 . . . 1 1 1 . Scrap Searched 4 | . . . . . . 4 . . . . . . Spaces Dug 5 | . . . . . . . 1 3 1 . . . Terrain Destroyed 548 | . . . . 8 . . 183 120 49 . 2 186 Melee 5 | . . . . . . . 1 3 1 . . . Projectile 120 | . . . . . . . 53 11 48 . 2 6 AOE 423 | . . . . 8 . . 129 106 . . . 180 Terrain Rammed . | . . . . . . . . . . . . . Walls Destroyed . | . . . . . . . . . . . . . Machines Disabled . | . . . . . . . . . . . . . Actions | -11 -10 -10 -9 -9 -9 -9 -6 -5 -5 -5 -5 -5 --------- Run | Yrd Mat Min Mat Sto Rec Scr Fac Fac Ext Cet Arc Hub Total 6406 | 57 130 173 422 296 78 1137 1422 972 1212 214 67 226 Wait 741 | . 10 14 76 11 . 59 152 195 153 53 3 15 Move 4830 | 47 87 141 287 237 76 1042 1105 644 784 145 52 183 Hop 3 | . . . . . . . . 1 2 . . . Pick Up 77 | 4 6 1 12 2 1 16 13 13 6 1 2 . Fast Attach 66 | 6 1 2 3 3 . 1 6 19 20 3 1 1 Attach 53 | . 2 1 9 1 . . 12 21 2 1 1 3 Detach 9 | . . 1 . . . 1 2 1 3 . 1 . Swap 47 | . 1 2 4 7 . 6 5 10 7 3 . 2 Drop 66 | . . 2 5 4 1 12 7 12 16 4 3 . Fire 336 | . 23 9 26 26 . . 110 48 72 3 4 15 Melee 33 | . . . . 4 . . 1 8 13 1 . 6 Ram 1 | . . . . . . . 1 . . . . . Kick . | . . . . . . . . . . . . . Crush 3 | . . . . 1 . . . . 1 . . 1 Escape Stasis 8 | . . . . . . . 8 . . . . . Rewire 133 | . . . . . . . . . 133 . . . Trap . | . . . . . . . . . . . . . Miscellaneous . | . . . . . . . . . . . . . Route ------- -11/Scrapyard -10/Materials -10/Mines -9/Materials (discovered 3 exits: [*Mat] / Min / *Sto) -9/Storage -9/Recycling -9/Scraptown (discovered 2 exits: *Fac x2) -6/Factory (discovered 2 exits: *Fac / [*Low]) -5/Factory -5/Extension (discovered 2 exits: [*Fac] / *Cet) -5/Cetus -5/Archives (discovered 2 exits: *Hub x2) -5/Hub_04(d) (discovered 1 exit: [*Fac]) History --------- Turn | Location | Event 16 | -11/Scrapyard | Discovered new exit (range 16) 67 | -11/Scrapyard | Entered Materials 235 | -10/Materials | Discovered new exit (range 14) 256 | -10/Materials | Entered Mines 259 | -10/Mines | Met a Derelict bent on vengeance 320 | -10/Mines | Build established: Mutant 372 | -10/Mines | Found a damaged Exp. Sensor Array with a note attached 375 | -10/Mines | Found Prototype Device 389 | -10/Mines | Assembled infested the area 463 | -10/Mines | Discovered new exit (range 9) 471 | -10/Mines | Entered Materials 471 | -9/Materials | Evolved 2 slots: Propulsion x1, Utility x1 471 | -9/Materials | Identified Exp. Sensor Array 472 | -9/Materials | Identified exit to Storage 826 | -9/Materials | Discovered new exit (range 3) 953 | -9/Materials | Identified exit to Mines 1104 | -9/Materials | Entered Storage 1540 | -9/Storage | Build established: Scavenger-Mutant 1587 | -9/Storage | Used back door to open Recycling access 1587 | -9/Storage | Discovered new exit (range 5) 1594 | -9/Storage | Entered Recycling 1679 | -9/Recycling | Scanned before Scraplab entrance 1702 | -9/Recycling | Entered Scraplab 1714 | -9/Recycling | Discovered new exit (range 3) 1718 | -9/Recycling | Entered Scraptown 1899 | -9/Scraptown | Visited UFD Registry 1899 | -9/Scraptown | Registered with UFD as "Ionchassis" 1923 | -9/Scraptown | Visited Comm Corps 1995 | -9/Scraptown | Visited Cave Peace 2011 | -9/Scraptown | Visited Shadow of the Wyrm 2037 | -9/Scraptown | Visited CR-KLE's Repair Center 2049 | -9/Scraptown | CR-KLE repaired 5 parts 2068 | -9/Scraptown | Visited Assassins FH 2084 | -9/Scraptown | Visited Awakened 2131 | -9/Scraptown | Visited Cyclists 2148 | -9/Scraptown | Entered Cyclist Reading Room 2230 | -9/Scraptown | Visited LU-1G1's Boring Crew 2256 | -9/Scraptown | Visited Junk Repository 2480 | -9/Scraptown | Visited Scrap Suit Storage 2486 | -9/Scraptown | Found Scrap Suit 2514 | -9/Scraptown | Visited Research Penetration Think Tank 2548 | -9/Scraptown | Visited DA-N13 Charitable Foundation 2554 | -9/Scraptown | Found DCF Scrap (28 items) 2583 | -9/Scraptown | Visited Cartography Club 2615 | -9/Scraptown | Found Surveybot 17 Chip 2865 | -9/Scraptown | Learned location of Storage (-9) 2865 | -9/Scraptown | Learned location of Recycling (-9) 2865 | -9/Scraptown | Learned location of Warlord (-5) 2865 | -9/Scraptown | Learned location of Cetus (-5) 2865 | -9/Scraptown | Learned 8 Lower Caves zone layouts 2865 | -9/Scraptown | Learned 16 Upper Caves zone layouts 2865 | -9/Scraptown | Learned 20 Upper Caves zone layouts 2865 | -9/Scraptown | Learned 16 Proximity Caves zone layouts 2865 | -9/Scraptown | Learned 4 Hub_04(d) zone layouts 2865 | -9/Scraptown | Learned 4 Armory zone layouts 2865 | -9/Scraptown | Learned location of 1 exit from Factory 2865 | -9/Scraptown | Learned location of 2 exits from Proximity Caves 2865 | -9/Scraptown | Learned location of 3 exits from Proximity Caves 2865 | -9/Scraptown | Identified exit to Factory 2901 | -9/Scraptown | Visited Botcube Research 2910 | -9/Scraptown | Found Botcube 2934 | -9/Scraptown | Botcube activated 2950 | -9/Scraptown | Botcube completed mutation into treaded form, armed with 1 gun, 1 cannon. 2983 | -9/Scraptown | Visited Chapter 10 3002 | -9/Scraptown | Visited Modified Component R&D 3085 | -9/Scraptown | Build established: Mutant 3142 | -9/Scraptown | Found Scrap Suit 3202 | -9/Scraptown | Met Optimus 3202 | -9/Scraptown | Accepted into 0bPrime 3291 | -9/Scraptown | Entered Factory 3291 | -6/Factory | Accompanied by 1 ally 3291 | -6/Factory | Evolved 6 slots: Utility x4, Weapon x2 3292 | -6/Factory | Identified exit to Factory 3374 | -6/Factory | Loaded intel: 8 recycling unit locations 3436 | -6/Factory | Discovered new exit (range 3) 3596 | -6/Factory | Build established: Scrapper 3987 | -6/Factory | Learned location of Protoforge (-2) 4116 | -6/Factory | Destroyed 7 combat bots 4346 | -6/Factory | Build established: Gunner 4866 | -6/Factory | Lost 3 parts (3w) 5113 | -6/Factory | Found Prototype Launcher 5197 | -6/Factory | Entered another Factory area 5197 | -5/Factory | Evolved 2 slots: Propulsion x1, Utility x1 5198 | -5/Factory | Identified exit to Extension 5376 | -5/Factory | Destroyed 8 combat bots 5497 | -5/Factory | First assault squad dispatched 5577 | -5/Factory | Repaired Broken Ovr. Huge Scrapsphere 5678 | -5/Factory | Identified Rocket Array 5719 | -5/Factory | Lost 3 parts (2n1w) 5800 | -5/Factory | Lost 3 parts (1p1n1u) 6077 | -5/Factory | Build established: Scavenger-Skirmisher 6167 | -5/Factory | Garrison activated, responded to threat 6198 | -5/Factory | Destroyed 8 combat bots 6249 | -5/Factory | System corruption reached 10% 6289 | -5/Factory | Lost 21 parts (3p4n6u8w) 6367 | -5/Factory | Core integrity fell below 50% 6385 | -5/Factory | Entered Extension 6410 | -5/Extension | Lost 3 parts (2n1u) 6456 | -5/Extension | Build established: Mutant 6817 | -5/Extension | Rescued a captive Derelict 6906 | -5/Extension | Build established: Scavenger-Tank 6974 | -5/Extension | Lost 3 allies 6984 | -5/Extension | Rescued a captive Derelict 6985 | -5/Extension | Rescued a captive Derelict 7008 | -5/Extension | Rescued A7 7385 | -5/Extension | Disrupted transfer network 7458 | -5/Extension | Spotted B-75 Beast 7477 | -5/Extension | Spotted B-75 Beast 7482 | -5/Extension | Allies destroyed B-75 Beast 7511 | -5/Extension | Lost 3 allies 7512 | -5/Extension | Allies destroyed B-75 Beast 7567 | -5/Extension | System corruption reached 30% 7799 | -5/Extension | Rescued a captive Derelict 8047 | -5/Extension | Local machine network offline 8061 | -5/Extension | Discovered new exit (range 10) 8063 | -5/Extension | Discovered new exit (range 6) 8179 | -5/Extension | Entered Cetus 8179 | -5/Cetus | Accompanied by 6 allies (A7) 8184 | -5/Cetus | Acquired a Cetus Manufacturing Module code from A7 8194 | -5/Cetus | Spotted Cetus Guard 8195 | -5/Cetus | Spotted Cetus Guard 8195 | -5/Cetus | Spotted Cetus Guard 8202 | -5/Cetus | Allies destroyed Cetus Guard 8202 | -5/Cetus | Spotted Cetus Guard 8223 | -5/Cetus | Allies destroyed Cetus Guard 8228 | -5/Cetus | Allies destroyed Cetus Guard 8230 | -5/Cetus | Allies destroyed Cetus Guard 8252 | -5/Cetus | Lost 3 allies 8295 | -5/Cetus | Started Cetus Manufacturing Module 8320 | -5/Cetus | Manufactured an Enhanced Grunt 8345 | -5/Cetus | Manufactured an Enhanced Grunt 8370 | -5/Cetus | Manufactured an Enhanced Grunt 8395 | -5/Cetus | Manufactured an Enhanced Grunt 8420 | -5/Cetus | Manufactured an Enhanced Grunt 8453 | -5/Cetus | Discovered new exit (range 22) 8490 | -5/Cetus | Entered Archives 8490 | -5/Archives | Accompanied by 8 allies (A7) 8533 | -5/Archives | Discovered new exit (range 22) 8553 | -5/Archives | Discovered new exit (range 22) 8596 | -5/Archives | Entered Hub_04(d) 8596 | -5/Hub_04(d) | Accompanied by 6 allies 8763 | -5/Hub_04(d) | Network Hub disabled 8774 | -5/Hub_04(d) | Spotted Lightning 8779 | -5/Hub_04(d) | Spotted Lightning 8800 | -5/Hub_04(d) | Spotted Lightning 8823 | -5/Hub_04(d) | Lost 4 allies 8843 | -5/Hub_04(d) | Spotted Lightning 8843 | -5/Hub_04(d) | Spotted Lightning 8846 | -5/Hub_04(d) | Spotted Lightning 8887 | -5/Hub_04(d) | Network Hub disabled 8894 | -5/Hub_04(d) | Core integrity fell below 20% 8962 | -5/Hub_04(d) | Discovered new exit (range 13) 8978 | -5/Hub_04(d) | Destroyed by H-71 Marshal with Heavy Mass Driver Last Messages --------------- 08962_ EXIT=FOUND 08964_ System corrupted: Matter fused (-6). 08964_ G-50 Soldier misfires. 08964_ Penetrated by EMDS Slug. 08966_ Critical hit (Burn: +37). 08967_ Penetrated by EMDS Slug. 08968_ R-10 Processor destroyed. 08970_ Acquired 1 matter. 08970_ Slug penetrates G-50 Soldier. 08972_ Acquired 132 matter. 08973_ EMDS Slug penetrates Wall. 08973_ U-05 Engineer lays Concrete. 08975_ Penetrated by EMDS Slug. 08975_ EMDS Slug penetrates Wall. 08975_ Centrium Heavy Treads destroyed. 08975_ U-05 Engineer lays Concrete. 08976_ Penetrated by Slug. 08976_ U-05 Engineer lays Concrete. 08977_ Slammed into G-50 Soldier. 08978_ Railgun destroyed. Map ----- +----------------------------------------------------+ | ## ##??????????????????+ ??????????? | | # #??????????????????# ??????????? | | #??????????????????# #?"?????????########## | | #??????????????????# #?"T?????????????????? | | # #??????###?????????# #????????????????????? | | ## ####??????#?????????# #????????????????????? | | ########?????????# #????????????????????? | | " ?????????# #????????????????????? | | ########?????????# #????????????????????? | | [ ]! !#????????????????# #????????????????????? | | ]! #????????????????# #????????????????????? | | #????????????????# #????????????????????? | | #????????????????# #????????????????????? | | ########?????????# +????????????????????? | | # #?????????# #????????????????????? | | """""""" ########### #????????????????????? | | """""""""""" # % #????????????????????? | | " " # #????????????????????? | | " " # ####"###h #????????????????????? | | "! " # ### #hh%#????????????????????? | | !%! #### " # T #% !#????????????????????? | | %! / ""# %g%*#????????????????????? | | " / " ; R #????????????????????? | | " ##"""""## / #????????????????????? | | " #" # " #g H#????????????????????? | | " "" #! #@g #????????????????????? | | " "" # " #% #????????????????????? | | " "" # ?# < #????????????????????? | | """"""""""""" # "?# #????????????????????? | | " # "?#####????????????????????? | | ######## ?"??????????????????????????? | | ## ## ###??????#]????????????????????????????? | | ?# ?# ##????????#?????????????????????????????? | | ?##?# # #???????????????????????????????????????? | | ????## ###???????????????????????????????????????? | | ?????# #?????????????????????????????????????????? | | ?????# #?????????????????????????????????????????? | | ?????###?????????????????????????????????????????? | | ?????????????????????????????????????????????????? | | ?????????????????????????????????????????????????? | | ?????????????????????????????????????????????????? | | ?????????????????????????????????????????????????? | | ?????????????????????????????????????????????????? | | ?????????????????????????????????????????????????? | | ?????????????????????????????????????????????????? | | ?????????????????????????????????????????????????? | | ?????????????????????????????????????????????????? | | ?????????????????????????????????????????????????? | | ?????????????????????????????????????????????????? | | ?????????????????????????????????????????????????? | +----------------------------------------------------+ Best States ------------- Heat Dissipation 78 Energy Generation 21 Energy Capacity 325 Matter Stores 300 Matter Capacity 300 Sight Range 22 Robot Scan Range 20 Terrain Scan Range 16 Terrain Scan Density 1210 Armor Coverage 825 Resistance: TH 15 Power Shielding 66 Phase Shifting 5 Evasion (%) 70 Targeting Accuracy 12 Target Analysis 6 Recoil Reduction 4 Salvage Targeting 2 Defensive Hacking 12 Item Schematics ----------------- Ovr. Huge Scrapsphere | -6/Factory | Scanalyzed Robot Schematics ------------------ None Fabricated ------------ Nothing Repaired ---------- Ovr. Huge Scrapsphere | 87% | -5/Factory | Broken Alien Tech Used ----------------- None Achievements -------------- Omniscient Cartographer Challenges ------------ None Game ------ Seed AluminumSpectralClaymores Manual? 0 Play Time 01:56:38 Cumulative 104.7 hours Start 2025.09.01 @ 22:41:00 End 2025.09.02 @ 10:26:36 Sessions 3 Manual Loads 0 Difficulty Rogue Special Mode None Game No. 55 Rogue 50 Adventurer 5 Explorer 0 Win Type - Total 2 Types 1/0/1/0/0/0/0/0/0/0 Lore% 58 Gallery% 49 Achievement% 47 Wizard Run 0 Options --------- Layout 1 ASCII 0 Keyboard 0 Movement Numpad Keybinds 1 Fullscreen 1 Font 24/Smallcaps Map View 50x35 Zoom Use 0% Tactical HUD 1 Map Filters NONE Filters NONE Steam 1 RUN: 54aed161-c4d1-4a56-bf69-6543e0a29c15